cohdb
Replays
Latest Replays
All Replays
Popular Replays
Top Player Replays
Match Explorer
How It Works
Community
CoH3 Stats
Reddit
Sign in to upload your games and track your stats! →
Sign in with Steam
Match 43410588
Unlisted
Match 43410588
Overview
Messages
Build Orders
End
Pioneer Squad
Construct Infanterie Kompanie
MG 42 Machine Gun Team
MG 42 Machine Gun Team
Grenadier Squad
Grenadier Squad
Construct Luftwaffe Kompanie
Jäger Squad
Support Elements
Wirbelwind Flakpanzer
Jäger Squad
Wirbelwind Flakpanzer
Pioneer Squad
Luftwaffe Officer Quarters
Jäger Squad
Construct Panzer Kompanie
Panzer IV Medium Tank
Pioneer Squad
Side Skirts
BLITZKRIEG BOB
Nukepapa
0
0
Comments
sign in to comment!
No comments posted yet!